| TOP OF THE 1ST |
|
Bowie Baysox batting - Pitching for Montgomery Biscuits : RHP Steve Barrett
|
|
Pitching: RHP Steve Barrett
|
|
|
Batting: RHB Orlando Melchor
|
0-0: Swinging Strike 0-1: Fly out, F8 (Flyball, 8LM, EV 81.9 MPH)
|
|
Batting: SHB Justin Toth
|
0-0: Ball 1-0: Ball 2-0: Called Strike 2-1: Foul Ball, location: 2F 2-2: Strikes out looking
|
|
Batting: RHB Dermott Neill
|
0-0: Swinging Strike 0-1: Hit by Pitch
|
|
Batting: SHB Ryan Palermo
|
0-0: Swinging Strike 0-1: Ground out 5-3 (Groundball, 56S, EV 88.1 MPH)
|
| Top of the 1st over - 0 runs, 0 hits, 0 errors, 1 left on base; Bowie 0 - Montgomery 0 |
| BOTTOM OF THE 1ST |
|
Montgomery Biscuits batting - Pitching for Bowie Baysox : RHP Travis Tovey
|
|
Pitching: RHP Travis Tovey
|
|
|
Batting: LHB Davion Lewis
|
0-0: Ball 1-0: DOUBLE (Flyball, 8RXD, EV 110.6 MPH)
|
|
Batting: RHB Steve French
|
0-0: Foul Ball, location: 2F 0-1: Ball 1-1: Ball 2-1: Reached on error, E3 (Groundball, 34S, EV 88.8 MPH) Davion Lewis to third
|
|
Batting: SHB Brett McEwen
|
0-0: Foul Ball, location: 2F 0-1: Called Strike 0-2: Ball 1-2: Strikes out swinging
|
|
Batting: RHB Wing-kit Bu
|
0-0: Called Strike 0-1: Ball 1-1: Foul Ball, location: 2F 1-2: Ball 2-2: Strikes out swinging
|
|
Batting: LHB Barnabé Metrass
|
0-0: Called Strike 0-1: Ball 1-1: Swinging Strike 1-2: Ground out U3 (Groundball, 34, EV 89.4 MPH)
|
| Bottom of the 1st over - 0 runs, 1 hit, 1 error, 2 left on base; Bowie 0 - Montgomery 0 |
| TOP OF THE 2ND |
|
Bowie Baysox batting - Pitching for Montgomery Biscuits : RHP Steve Barrett
|
|
Batting: LHB Andrew Erens
|
0-0: Called Strike 0-1: Ball 1-1: Ground out 4-3 (Groundball, 4, EV 88.1 MPH)
|
|
Batting: RHB Andy Chess
|
0-0: Ball 1-0: Called Strike 1-1: Swinging Strike 1-2: Ball 2-2: Strikes out looking
|
|
Batting: RHB Dan Staggs
|
0-0: Ball 1-0: Ball 2-0: Ball 3-0: Base on Balls
|
|
Batting: RHB Danny Merrill
|
0-0: Ball 1-0: Called Strike 1-1: Ball Dan Staggs is caught stealing 2nd base 2-4
|
| Top of the 2nd over - 0 runs, 0 hits, 0 errors, 0 left on base; Bowie 0 - Montgomery 0 |
| BOTTOM OF THE 2ND |
|
Montgomery Biscuits batting - Pitching for Bowie Baysox : RHP Travis Tovey
|
|
Batting: RHB Sczlopy Hed
|
0-0: Ball 1-0: Ball 2-0: Called Strike 2-1: Foul Ball, location: 2F 2-2: SINGLE (Line Drive, 89M, EV 95.0 MPH)
|
|
Batting: RHB Devin Brown
|
0-0: Called Strike 0-1: Foul Ball, location: 2F 0-2: Foul Ball, location: 2F 0-2: Ball 1-2: Strikes out swinging
|
|
Batting: RHB Mick Corrigan
|
0-0: Ball 1-0: Called Strike 1-1: Called Strike 1-2: Ball 2-2: Strikes out looking
|
|
Batting: RHB Alfredo Moreno
|
0-0: Ball 1-0: Ball Wild Pitch! Sczlopy Hed to second 2-0: Foul Ball, location: 2F 2-1: Ground out 5-3 (Groundball, 5S, EV 61.2 MPH)
|
| Bottom of the 2nd over - 0 runs, 1 hit, 0 errors, 1 left on base; Bowie 0 - Montgomery 0 |
| TOP OF THE 3RD |
|
Bowie Baysox batting - Pitching for Montgomery Biscuits : RHP Steve Barrett
|
|
Batting: RHB Danny Merrill
|
0-0: Swinging Strike 0-1: Ball 1-1: Called Strike 1-2: Ball 2-2: Ball 3-2: Base on Balls
|
|
Batting: RHB Ashton Holloway
|
0-0: Ball 1-0: Ball 2-0: SINGLE (Flyball, 89S, EV 85.6 MPH) Danny Merrill to second Runner from 2nd tries for 3rd, OUT! 8-5
|
|
Batting: RHB Orlando Melchor
|
0-0: Ball 1-0: Ball 2-0: Called Strike 2-1: Ball 3-1: SINGLE (Groundball, 15S, EV 70.6 MPH) (infield hit) Ashton Holloway to second
|
|
Batting: SHB Justin Toth
|
0-0: Ball 1-0: Called Strike 1-1: Ball 2-1: Ball 3-1: Foul Ball, location: 2F 3-2: Fielders Choice at 2nd, 4-6 (Groundball, 13, EV 88.8 MPH) Ashton Holloway to third
|
|
Batting: RHB Dermott Neill
|
0-0: Called Strike 0-1: Foul Ball, location: 2F 0-2: Hit by Pitch Justin Toth to second
|
|
Batting: SHB Ryan Palermo
|
0-0: SINGLE (Groundball, 56, EV 98.1 MPH) Ashton Holloway scores Justin Toth to third Dermott Neill to second Runner from 3rd tries for Home, SAFE, throw by LF to home
|
|
Batting: LHB Andrew Erens
|
0-0: Called Strike 0-1: Ball 1-1: Ground out U3 (Groundball, 3, EV 87.5 MPH)
|
| Top of the 3rd over - 2 runs, 3 hits, 0 errors, 2 left on base; Bowie 2 - Montgomery 0 |
| BOTTOM OF THE 3RD |
|
Montgomery Biscuits batting - Pitching for Bowie Baysox : RHP Travis Tovey
|
|
Batting: LHB Davion Lewis
|
0-0: Ball 1-0: Foul Ball, location: 2F 1-1: Ground out U3 (Groundball, 34S, EV 67.5 MPH)
|
|
Batting: RHB Steve French
|
0-0: Called Strike 0-1: Ball 1-1: Ball 2-1: Ball 3-1: SOLO HOME RUN (Flyball, 78XD, EV 101.2 MPH), Distance : 388 ft
|
|
Batting: SHB Brett McEwen
|
0-0: Swinging Strike 0-1: Ball 1-1: Foul Ball, location: 2F 1-2: Ground out 4-3 (Groundball, 4, EV 102.5 MPH)
|
|
Batting: RHB Wing-kit Bu
|
0-0: Ball 1-0: Ground out U3 (Groundball, 34, EV 102.5 MPH)
|
| Bottom of the 3rd over - 1 run, 1 hit, 0 errors, 0 left on base; Bowie 2 - Montgomery 1 |
| TOP OF THE 4TH |
|
Bowie Baysox batting - Pitching for Montgomery Biscuits : RHP Steve Barrett
|
|
Batting: RHB Andy Chess
|
0-0: Ball 1-0: Foul Ball, location: 2F 1-1: Foul Ball, location: 2F 1-2: Fly out, F9 (Flyball, 89D, EV 85.0 MPH)
|
|
Batting: RHB Dan Staggs
|
0-0: Fly out, F5 (Popup, 25F, EV 90.0 MPH)
|
|
Batting: RHB Danny Merrill
|
0-0: Ball 1-0: Swinging Strike 1-1: Ball 2-1: Foul Ball, location: 2F 2-2: Strikes out swinging
|
| Top of the 4th over - 0 runs, 0 hits, 0 errors, 0 left on base; Bowie 2 - Montgomery 1 |
| BOTTOM OF THE 4TH |
|
Montgomery Biscuits batting - Pitching for Bowie Baysox : RHP Travis Tovey
|
|
Batting: LHB Barnabé Metrass
|
0-0: Foul Ball, location: 2F 0-1: Ball 1-1: Reached on error, E5 (Groundball, 56, EV 97.5 MPH)
|
|
Batting: RHB Sczlopy Hed
|
0-0: Called Strike 0-1: Ball 1-1: Ball 2-1: Ball 3-1: Swinging Strike 3-2: Base on Balls Barnabé Metrass to second
|
|
Batting: RHB Devin Brown
|
0-0: Called Strike 0-1: Reached on error, E4 (Groundball, 4M, EV 102.5 MPH) Barnabé Metrass to third Sczlopy Hed to second
|
|
Batting: RHB Mick Corrigan
|
0-0: Called Strike 0-1: Hit by Pitch Barnabé Metrass scores Sczlopy Hed to third Devin Brown to second
|
|
Batting: RHB Alfredo Moreno
|
0-0: Ball 1-0: Swinging Strike 1-1: Ball 2-1: SINGLE (Groundball, 4M, EV 101.2 MPH) (infield hit) Sczlopy Hed scores Devin Brown to third Mick Corrigan to second
|
|
Batting: LHB Davion Lewis
|
0-0: Ball 1-0: Ball 2-0: Ball 3-0: Base on Balls Devin Brown scores Mick Corrigan to third Alfredo Moreno to second
|
|
Batting: RHB Steve French
|
0-0: Ball 1-0: Foul Ball, location: 2F 1-1: Ball 2-1: Ball 3-1: Base on Balls Mick Corrigan scores Alfredo Moreno to third Davion Lewis to second
|
|
Pitching: RHP Ferri Adam
|
|
|
Batting: SHB Brett McEwen
|
0-0: Ball 1-0: Ball 2-0: Fly out, F7 (Line Drive, 78M, EV 104.4 MPH) Runner from 3rd tags up, SCORES, throw by LF
|
|
Batting: RHB Wing-kit Bu
|
0-0: Fielders Choice at 2nd, 3-6 (Groundball, 34S, EV 80.0 MPH) Davion Lewis to third
|
|
Batting: LHB Barnabé Metrass
|
0-0: Ground out 4-3 (Groundball, 34D, EV 106.9 MPH)
|
| Bottom of the 4th over - 5 runs, 1 hit, 2 errors, 2 left on base; Bowie 2 - Montgomery 6 |
| TOP OF THE 5TH |
|
Bowie Baysox batting - Pitching for Montgomery Biscuits : RHP Steve Barrett
|
|
Batting: RHB Ashton Holloway
|
0-0: Ball 1-0: Called Strike 1-1: Foul Ball, location: 2F 1-2: SINGLE (Groundball, 6, EV 98.8 MPH)
|
|
Batting: RHB Orlando Melchor
|
0-0: Ball 1-0: Ball 2-0: Foul Ball, location: 2F 2-1: Ball 3-1: TRIPLE (Line Drive, 89XD, EV 112.5 MPH) Ashton Holloway scores
|
|
Batting: SHB Justin Toth
|
0-0: Called Strike 0-1: Ball 1-1: Foul Ball, location: 2F 1-2: Foul Ball, location: 2F 1-2: Ball 2-2: Ball 3-2: Foul Ball, location: 2F 3-2: Strikes out looking
|
|
Batting: RHB Dermott Neill
|
0-0: Ball 1-0: Ball 2-0: Foul Ball, location: 2F 2-1: Fly out, F7 (Flyball, 78S, EV 94.4 MPH)
|
|
Batting: SHB Ryan Palermo
|
0-0: Ball 1-0: Foul Ball, location: 2F 1-1: Called Strike 1-2: Foul Ball, location: 2F 1-2: Ground out 4-3 (Groundball, 4, EV 106.9 MPH)
|
| Top of the 5th over - 1 run, 2 hits, 0 errors, 1 left on base; Bowie 3 - Montgomery 6 |
| BOTTOM OF THE 5TH |
|
Montgomery Biscuits batting - Pitching for Bowie Baysox : RHP Ferri Adam
|
|
Batting: RHB Sczlopy Hed
|
0-0: Ball 1-0: Swinging Strike 1-1: Swinging Strike 1-2: Ball 2-2: Foul Ball, location: 2F 2-2: Ball 3-2: Fly out, F7 (Flyball, 7S, EV 85.0 MPH)
|
|
DELAY
|
Rain delay of 33 minutes in the 5th inning.
|
|
Batting: RHB Devin Brown
|
0-0: Swinging Strike 0-1: Ball 1-1: Ground out 4-3 (Groundball, 4M, EV 107.5 MPH)
|
|
Batting: RHB Mick Corrigan
|
0-0: Foul Ball, location: 2F 0-1: Ball 1-1: Ball 2-1: Fly out, F8 (Flyball, 78D, EV 103.1 MPH)
|
| Bottom of the 5th over - 0 runs, 0 hits, 0 errors, 0 left on base; Bowie 3 - Montgomery 6 |
| TOP OF THE 6TH |
|
Bowie Baysox batting - Pitching for Montgomery Biscuits : RHP Steve Barrett
|
|
Batting: LHB Andrew Erens
|
0-0: Fly out, F5 (Line Drive, 5, EV 71.9 MPH)
|
|
Batting: RHB Andy Chess
|
0-0: SINGLE (Line Drive, 4MD, EV 96.2 MPH)
|
|
Batting: RHB Dan Staggs
|
0-0: Called Strike 0-1: Ball 1-1: SINGLE (Groundball, 56D, EV 108.1 MPH) Andy Chess to second
|
|
Batting: RHB Danny Merrill
|
0-0: SINGLE (Line Drive, 78S, EV 104.4 MPH) Andy Chess to third Dan Staggs to second
|
|
Batting: RHB Ashton Holloway
|
0-0: Ball 1-0: Foul Ball, location: 2F 1-1: Called Strike 1-2: Ball 2-2: Ball 3-2: Foul Ball, location: 2F 3-2: Foul Ball, location: 2F 3-2: Foul Ball, location: 2F 3-2: Fly out, F9 (Flyball, 89S, EV 75.0 MPH)
|
|
Pitching: RHP Miguel Romero
|
|
|
Batting: RHB Orlando Melchor
|
0-0: Ball 1-0: Ball 2-0: Ball 3-0: Reached on error, E5 (Groundball, 5, EV 82.5 MPH) Andy Chess scores Dan Staggs to third Danny Merrill to second
|
|
Batting: SHB Justin Toth
|
0-0: Ball 1-0: Called Strike 1-1: Swinging Strike 1-2: Strikes out swinging
|
| Top of the 6th over - 1 run, 3 hits, 1 error, 3 left on base; Bowie 4 - Montgomery 6 |
| BOTTOM OF THE 6TH |
|
Montgomery Biscuits batting - Pitching for Bowie Baysox : RHP Ferri Adam
|
|
Batting: RHB Alfredo Moreno
|
0-0: Ball 1-0: Fly out, F8 (Flyball, 89M, EV 90.6 MPH)
|
|
Batting: LHB Davion Lewis
|
0-0: Called Strike 0-1: SINGLE (Line Drive, 9S, EV 110.6 MPH)
|
|
Batting: RHB Steve French
|
Pickoff Throw to First - Out! 1-3 0-0: Swinging Strike 0-1: Ball 1-1: Called Strike 1-2: Strikes out swinging
|
| Bottom of the 6th over - 0 runs, 1 hit, 0 errors, 0 left on base; Bowie 4 - Montgomery 6 |
| TOP OF THE 7TH |
|
Bowie Baysox batting - Pitching for Montgomery Biscuits : RHP Miguel Romero
|
|
Batting: RHB Dermott Neill
|
0-0: DOUBLE (Line Drive, 7LD, EV 105.6 MPH)
|
|
Batting: SHB Ryan Palermo
|
0-0: Called Strike 0-1: Ball 1-1: Swinging Strike 1-2: Foul Ball, location: 2F 1-2: Ball 2-2: Strikes out swinging
|
|
Batting: LHB Andrew Erens
|
0-0: Called Strike 0-1: Called Strike 0-2: Ball 1-2: Strikes out swinging
|
|
Batting: RHB Andy Chess
|
0-0: Called Strike 0-1: Foul Ball, location: 2F 0-2: Strikes out swinging
|
| Top of the 7th over - 0 runs, 1 hit, 0 errors, 1 left on base; Bowie 4 - Montgomery 6 |
| BOTTOM OF THE 7TH |
|
Montgomery Biscuits batting - Pitching for Bowie Baysox : RHP Ferri Adam
|
|
Batting: SHB Brett McEwen
|
0-0: Ball 1-0: Ball 2-0: Ball 3-0: Called Strike 3-1: Base on Balls
|
|
Batting: RHB Wing-kit Bu
|
0-0: DOUBLE (Line Drive, 89M, EV 86.9 MPH) Brett McEwen to third
|
|
Batting: LHB Barnabé Metrass
|
0-0: Intentional Walk
|
|
Batting: RHB Sczlopy Hed
|
0-0: Fly out, F8 (Flyball, 8RM, EV 90.6 MPH)
|
|
Batting: RHB Devin Brown
|
0-0: Foul Ball, location: 2F 0-1: Ball 1-1: DOUBLE (Line Drive, 78XD, EV 107.5 MPH) Brett McEwen scores Wing-kit Bu scores Barnabé Metrass to third
|
|
Batting: RHB Mick Corrigan
|
0-0: Ground out 4-3 (Groundball, 4S, EV 88.1 MPH) Barnabé Metrass scores Devin Brown to third
|
|
Batting: RHB Alfredo Moreno
|
0-0: Fly out, F8 (Flyball, 8LXD, EV 90.0 MPH)
|
| Bottom of the 7th over - 3 runs, 2 hits, 0 errors, 1 left on base; Bowie 4 - Montgomery 9 |
| TOP OF THE 8TH |
|
Bowie Baysox batting - Pitching for Montgomery Biscuits : RHP Miguel Romero
|
|
Batting: RHB Dan Staggs
|
0-0: Foul Ball, location: 2F 0-1: Swinging Strike 0-2: Fly out, F8 (Line Drive, 8RM, EV 105.6 MPH)
|
|
Batting: RHB Danny Merrill
|
0-0: Foul Ball, location: 2F 0-1: Ball 1-1: Foul Ball, location: 2F 1-2: Ball 2-2: Strikes out looking
|
|
Batting: RHB Ashton Holloway
|
0-0: Ball 1-0: Ball 2-0: Foul Ball, location: 2F 2-1: Foul Ball, location: 2F 2-2: Ball 3-2: Ground out 6-3 (Groundball, 6M, EV 105.6 MPH)
|
| Top of the 8th over - 0 runs, 0 hits, 0 errors, 0 left on base; Bowie 4 - Montgomery 9 |
| BOTTOM OF THE 8TH |
|
Montgomery Biscuits batting - Pitching for Bowie Baysox : RHP Ferri Adam
|
|
Batting: LHB Davion Lewis
|
0-0: Ball 1-0: Foul Ball, location: 2F 1-1: Fly out, F4 (Line Drive, 4, EV 74.4 MPH)
|
|
Batting: RHB Steve French
|
0-0: Foul Ball, location: 2F 0-1: Ball 1-1: Swinging Strike 1-2: Ball 2-2: Ground out 4-3 (Groundball, 4, EV 100.0 MPH)
|
|
Batting: SHB Brett McEwen
|
0-0: Ball 1-0: Called Strike 1-1: Called Strike 1-2: Foul Ball, location: 2F 1-2: Ball 2-2: Ball 3-2: Foul Ball, location: 2F 3-2: Fly out, F8 (Line Drive, 8LM, EV 95.6 MPH)
|
| Bottom of the 8th over - 0 runs, 0 hits, 0 errors, 0 left on base; Bowie 4 - Montgomery 9 |
| TOP OF THE 9TH |
|
Bowie Baysox batting - Pitching for Montgomery Biscuits : RHP Miguel Romero
|
|
Batting: RHB Orlando Melchor
|
0-0: Ball 1-0: Ground out 5-3 (Groundball, 56, EV 91.9 MPH)
|
|
Batting: SHB Justin Toth
|
0-0: Ball 1-0: Foul Ball, location: 2F 1-1: Swinging Strike 1-2: Foul Ball, location: 2F 1-2: Ground out 6-3 (Groundball, 4, EV 102.5 MPH)
|
|
Batting: RHB Dermott Neill
|
0-0: Called Strike 0-1: Foul Ball, location: 2F 0-2: Hit by Pitch
|
|
Pitching: RHP Francisco Reyes
|
|
|
Batting: SHB Ryan Palermo
|
0-0: Ball 1-0: Foul Ball, location: 2F 1-1: Ball 2-1: Ball 3-1: Fielders Choice at 2nd, 6-4 (Groundball, 6, EV 103.8 MPH)
|
| Top of the 9th over - 0 runs, 0 hits, 0 errors, 1 left on base; Bowie 4 - Montgomery 9 |
|